 Dungeon Crawl Stone Soup version 0.22-a0-469-gf26638a (webtiles) character file.

11872 KristoblXynda the Grappler (level 11, 0/97 HPs)
             Began as a Troll Wizard on June 13, 2018.
             Was a Follower of Ashenzari.
             Slain by a sixfirhy (12 damage)
             ... summoned by an orc high priest
             ... on level 2 of the Orcish Mines.
             The game lasted 00:32:51 (9609 turns).

KristoblXynda the Grappler (Troll Wizard)           Turns: 9609, Time: 00:32:52

Health: 0/97       AC:  8    Str: 19    XL:     11   Next: 55%
Magic:  5/13       EV:  9    Int: 17    God:    Ashenzari [*.....]
Gold:   978        SH:  0    Dex:  8    Spells: 7/14 levels left

rFire    . . .     SeeInvis .     - Unarmed
rCold    . . .     Gourm    +   (no shield)
rNeg     . . .     Faith    .   g - +0 robe (curse)
rPois    .         Spirit   .   u - +1 hat
rElec    .         Reflect  .   c - +1 cloak
rCorr    .         Harm     .   (gloves unavailable)
MR       .....                  (boots unavailable)
Stlth    +.........             k - amulet of the acrobat (curse)
HPRegen  0.66/turn              a - +2 ring of strength
MPRegen  0.13/turn              (no ring)

@: no status effects
A: large, unfitting armour, claws 3, blink, fast metabolism 3, gourmand, sense
surroundings 1, regeneration 1, shaggy fur 1, tough skin 2
a: Blink, Curse Item, Scrying, Renounce Religion


You were on level 2 of the Orcish Mines.
You worshipped Ashenzari.
Ashenzari was aware of your devotion.
You were completely stuffed.

You visited 3 branches of the dungeon, and saw 14 of its levels.
You also visited: Sewer.

You collected 978 gold pieces.

Inventory:

Hand Weapons
 m - a +1 whip of pain
Armour
 c - a +1 cloak (worn)
 g - a cursed +0 robe (worn)
 u - a +1 hat (worn)
Jewellery
 a - a +2 ring of strength (left claw)
 k - a cursed amulet of the acrobat (around neck)
Wands
 w - a wand of disintegration (17)
 z - a wand of paralysis (8)
Scrolls
 e - 6 scrolls of teleportation
 j - 6 scrolls of magic mapping
 l - 3 scrolls of immolation
 p - 5 scrolls of remove curse
 q - a scroll of blinking
 r - a scroll of amnesia {unknown}
 s - a scroll of noise {unknown}
 t - 2 scrolls of enchant armour
 v - a scroll of fog
 y - a scroll of brand weapon {unknown}
 B - a scroll of random uselessness {unknown}
 E - a scroll of acquirement {unknown}
Potions
 f - 2 potions of brilliance
 h - 4 potions of might
 n - 6 potions of flight
 o - 2 potions of curing
 x - a potion of invisibility
 A - a potion of berserk rage
 D - 2 potions of ambrosia
Comestibles
 b - 4 chunks of flesh
 d - 18 rations


   Skills:
 + Level 3.5 Fighting
 - Level 1.5 Dodging
 - Level 1.0 Stealth
 + Level 12.0 Unarmed Combat
 - Level 2.0 Spellcasting
 + Level 10.0 Conjurations
   Level 0.6 Summonings
   Level 0.6 Translocations
 + Level 1.7 Evocations


You had 7 spell levels left.
You knew the following spells:

 Your Spells              Type           Power        Failure   Level  Hunger
a - Magic Dart            Conj           ####         1%          1    #......
b - Mephitic Cloud        Conj/Pois/Air  ##......     14%         3    ###....
c - Conjure Flame         Conj/Fire      ###.....     8%          3    ###....

Your spell library contained the following spells:

 Spells                   Type           Power        Failure   Level  Hunger
 Bolt of Magma            Conj/Fire/Erth ##........   80%         5    ######.
 Slow                     Hex            #.......     28%         2    ###....
 Venom Bolt               Conj/Pois      ###.......   56%         5    ######.
 Blink                    Tloc           N/A          22%         2    ###....
 Call Imp                 Summ           #.......     22%         2    ###....
 Iron Shot                Conj/Erth      ###.......   98%         6    #######
 Orb of Destruction       Conj           #####.....   95%         7    #######
 Iskenderun's Battlesphe  Conj/Chrm      ###.....     56%         5    ######.
 Spellforged Servitor     Conj/Summ      ###.......   100%        7    #######


Dungeon Overview and Level Annotations

Branches:
Dungeon (11/15)            Temple (1/1) D:5            Lair (0/6) D:9
    Orc (1/2) D:10

Altars:
Ashenzari
Cheibriados
Dithmenos
Elyvilon
Fedhas
Gozag
Hepliaklqana
Kikubaaqudgha
Makhleb
Nemelex Xobeh
Okawaru
Qazlal
Ru
Sif Muna
Trog
Uskayaw
Vehumet
Wu Jian
Xom
Yredelemnul
Zin
The Shining One

Shops:
D:8 (   Orc:2 [


Innate Abilities, Weirdness & Mutations

You are too large for most types of armour.
You have claws for hands.
Your metabolism is lightning-fast.
You like to eat raw meat.
Your natural rate of healing is unusually fast.
You are covered in fur. (AC +1)
You have very tough skin. (AC +2)
You can translocate small distances at will.
You passively map a small area around you.


Message History

The orc priest is engulfed in noxious fumes.
The orc priest appears confused.
You mangle the orc high priest!!
The orc high priest is heavily wounded.
The ynoxinul hits you.
The orc high priest barely misses the sixfirhy.
The orc high priest hits you with a battleaxe.
The orc high priest is engulfed in noxious fumes.
The orc high priest appears confused.
The orc high priest hits itself with a glaive!
You claw the orc high priest!
The orc high priest is heavily wounded.
The sixfirhy hits you.
* * * LOW HITPOINT WARNING * * *
The sixfirhy shocks you!
* * * LOW HITPOINT WARNING * * *
The sixfirhy hits you.
* * * LOW HITPOINT WARNING * * *
The sixfirhy shocks you!
You die...

### ### ##.####.## ##...##...#
##...##.#..## ####....#..)...#
##.##...)@...).##
##.......33o#.###
##.)......o§.)## #....o...§§#.).#
##......[o..#)##
######......)....#)##
3o...)............).##### ##
#########.)........#.##.######.##
,, ,##.................##...#


You could see 2 orc high priests, a sixfirhy, a ynoxinul, an orc priest
(confused) and an orc wizard.

Vanquished Creatures
  Gastronok (D:8)
  The ghost of junkhipster the Basher, a novice GrFi of Okawaru (D:7)
  2 orc sorcerers
  Maurice (D:8)
  Psyche (D:8)
  A troll (Orc:1)
  A hippogriff (D:10)
  Grinder (D:3)
  A wyvern (D:8)
  6 yaks
  Eustachio (D:4)
  Menkaure (D:4)
  2 wargs (Orc:2)
  2 hell hounds (D:9)
  14 orc warriors
  A sky beast (D:10)
  A black bear (D:8)
  A phantom (D:10)
  3 eyes of draining (D:4)
  12 ogres
  A necrophage (D:8)
  3 centaurs
  3 big kobolds
  3 bullfrogs
  A gnoll sergeant (D:9)
  2 scorpions (D:5)
  A water moccasin skeleton (D:5)
  11 killer bees (D:10)
  6 howler monkeys
  4 crimson imps
  3 hounds
  3 jellies (D:10)
  14 orc priests
  Crazy Yiuf (D:6)
  2 bullfrog skeletons
  Jessica (D:3)
  An iguana (D:5)
  16 orc wizards
  6 worker ants
  A hound skeleton (D:10)
  2 worker ant zombies
  13 gnolls
  2 howler monkey skeletons
  6 adders
  A river rat (Sewer)
  2 shadow imps
  2 oozes
  3 adder skeletons
  An adder zombie (D:6)
  7 worms
  2 dart slugs (D:3)
  5 leopard geckos
  50 orcs
  12 giant cockroaches
  5 hobgoblins
  13 jackals
  3 quokkas
  2 ball pythons
  10 bats
  2 frilled lizards
  8 goblins
  16 kobolds
  A quokka zombie (D:10)
  14 rats
319 creatures vanquished.

Vanquished Creatures (collateral kills)
  A killer bee (D:10)
  An orc (D:10)
2 creatures vanquished.

Vanquished Creatures (others)
  A human (D:8)
  A centaur (D:10)
2 creatures vanquished.

Grand Total: 323 creatures vanquished

Notes
Turn   | Place    | Note
-------+----------+-------------------------------------------
     0 | D:1      | KristoblXynda the Troll Wizard began the quest for the Orb.
     0 | D:1      | Reached XP level 1. HP: 16/16 MP: 2/2
   212 | D:1      | Reached skill level 1 in Unarmed Combat
   212 | D:1      | Reached skill level 1 in Conjurations
   440 | D:1      | Reached XP level 2. HP: 24/24 MP: 4/4
  1086 | D:2      | HP: 1/24 [worm (5)]
  1094 | D:2      | Reached XP level 3. HP: 6/31 MP: 1/5
  1246 | D:2      | Reached skill level 2 in Unarmed Combat
  1260 | D:2      | Found a sacrificial altar of Ru.
  1316 | D:2      | Found an iron altar of Okawaru.
  1669 | D:3      | Reached XP level 4. HP: 33/39 MP: 6/6
  1700 | D:3      | Noticed Grinder
  1702 | D:3      | Paralysed by Grinder for 2 turns
  1722 | D:3      | Paralysed by Grinder for 5 turns
  1729 | D:3      | Killed Grinder
  1729 | D:3      | Reached skill level 4 in Unarmed Combat
  1729 | D:3      | Reached XP level 5. HP: 45/45 MP: 7/7
  1746 | D:3      | Reached XP level 6. HP: 53/53 MP: 8/8
  1792 | D:3      | Noticed Jessica
  1795 | D:3      | Killed Jessica
  1920 | D:3      | Found a glowing drain.
  1926 | Sewer    | Entered a sewer
  2130 | Sewer    | Found a white marble altar of Elyvilon.
  2416 | D:3      | Found a shadowy altar of Dithmenos.
  2809 | D:4      | Noticed Menkaure
  2822 | D:4      | Killed Menkaure
  2822 | D:4      | Reached skill level 5 in Unarmed Combat
  2822 | D:4      | Reached XP level 7. HP: 52/59 MP: 9/9
  2868 | D:4      | Noticed Eustachio
  2899 | D:4      | Killed Eustachio
  2952 | D:4      | Learned a level 3 spell: Mephitic Cloud
  3005 | D:4      | Reached skill level 6 in Unarmed Combat
  3542 | D:4      | Found a bloodstained altar of Trog.
  3568 | D:4      | Reached skill level 5 in Conjurations
  3568 | D:4      | Reached XP level 8. HP: 67/67 MP: 0/10
  3664 | D:5      | Entered Level 5 of the Dungeon
  3778 | D:5      | Reached skill level 7 in Unarmed Combat
  3936 | D:5      | Found a staircase to the Ecumenical Temple.
  3950 | Temple   | Entered the Ecumenical Temple
  4833 | D:6      | Gained mutation: You passively map a small area around you. [potion of mutation]
  4833 | D:6      | Gained mutation: You can translocate small distances at will. [potion of mutation]
  4840 | D:6      | Found a shattered altar of Ashenzari.
  4856 | D:6      | Found a basalt altar of Yredelemnul.
  4877 | D:6      | Became a worshipper of Ashenzari the Shackled
  4929 | D:6      | Reached skill level 8 in Unarmed Combat
  4941 | D:6      | Reached XP level 9. HP: 37/74 MP: 2/11
  5411 | D:6      | Found a burning altar of Makhleb.
  5420 | D:6      | Found a snail-covered altar of Cheibriados.
  5523 | D:6      | Found a sparkling altar of Nemelex Xobeh.
  5588 | D:6      | Found a runed door.
  5732 | D:6      | Noticed Crazy Yiuf
  5735 | D:6      | Killed Crazy Yiuf
  6061 | D:7      | Noticed junkhipster's ghost (novice GrFi)
  6069 | D:7      | Learned a level 3 spell: Conjure Flame
  6090 | D:7      | Killed junkhipster's ghost
  6090 | D:7      | Reached skill level 9 in Unarmed Combat
  6402 | D:8      | Noticed Gastronok
  6406 | D:8      | Noticed Psyche
  6425 | D:8      | Killed Gastronok
  6425 | D:8      | Reached skill level 10 in Unarmed Combat
  6425 | D:8      | Reached XP level 10. HP: 81/81 MP: 9/12
  6499 | D:8      | Noticed Maurice
  6512 | D:8      | Killed Psyche
  6524 | D:8      | Killed Maurice
  6550 | D:8      | Reached skill level 11 in Unarmed Combat
  6606 | D:8      | Found a white marble altar of Elyvilon.
  6651 | D:8      | Found a hazy altar of Hepliaklqana.
  6804 | D:8      | Found Xaxiod's Antique Weapon Shop.
  6839 | D:8      | Found an ancient bone altar of Kikubaaqudgha.
  6904 | D:8      | Found a glowing silver altar of Zin.
  7158 | D:9      | Found a blossoming altar of Fedhas.
  7241 | D:9      | Reached * piety under Ashenzari
  7265 | D:9      | Found a staircase to the Lair.
  7319 | D:9      | Found a sacrificial altar of Ru.
  7718 | D:10     | Entered Level 10 of the Dungeon
  7767 | D:10     | Reached skill level 1 in Fighting
  7959 | D:10     | Found a staircase to the Orcish Mines.
  7993 | D:10     | Reached XP level 11. HP: 87/93 MP: 13/13
  8483 | Orc:1    | Entered Level 1 of the Orcish Mines
  8540 | Orc:1    | Noticed an orc sorcerer
  8544 | Orc:1    | Paralysed by an orc sorcerer for 2 turns
  8680 | D:10     | Paralysed by an orc sorcerer for 2 turns
  8684 | D:10     | Noticed a sixfirhy
  8685 | D:10     | Killed an orc sorcerer
  9160 | Orc:1    | You fall through a shaft!
  9160 | Orc:2    | Entered Level 2 of the Orcish Mines
  9160 | Orc:2    | Found Nouchoem's Armour Emporium.
  9275 | Orc:2    | Reached skill level 1 in Evocations
  9484 | Orc:2    | Reached skill level 12 in Unarmed Combat
  9536 | Orc:2    | Noticed an orc high priest
  9539 | Orc:2    | Noticed an orc high priest
  9553 | Orc:2    | Noticed an orc sorcerer
  9561 | Orc:2    | Killed an orc sorcerer
  9561 | Orc:2    | Reached skill level 10 in Conjurations
  9604 | Orc:2    | Noticed a sixfirhy
  9609 | Orc:2    | Slain by a sixfirhy

Vault maps used:
D:1:      dpeg_arrival_connections, serial_park_tiny_2
D:2:      lemuel_crystal_altar, okawaru_altar_gauntlet_db, minmay_cut_off
D:3:      nicolae_dithmenos_through_a_glass_darkly, gup_sewer_entry_bubbles,
          uniq_grinder, uniq_jessica
D:4:      serial_bayou, serial_bayou_pond_a, serial_bayou_shore_a,
          serial_bayou_pond_e, serial_bayou_crossing, kennysheep_doodads,
          trog_eyes_of_draining, uniq_menkaure, uniq_eustachio
D:5:      minmay_temple_entry_butterflies, first_ration
D:6:      kennysheep_mini, yredelemnul_altar_generic, minitemple, basic_altar,
          uniq_crazy_yiuf_cottage
D:7:      amethyst_killhole, minmay_splitting_lines
D:8:      kennysheep_mini_moat, marbit_many_paths,
          nicolae_overflow_crystal_walls, serial_shops,
          nicolae_shop_competitors_out_of_business, tgw_kikubaaqudgha,
          uniq_gastronok, uniq_maurice, uniq_psyche
D:9:      lemuel_doored_altar, minmay_lair_entry_lava, blue_anna_alchemist,
          nicolae_ru_great_annihilating_truth
D:10:     david_orc_3
D:11:     dk_vineyard_2
Temple:   minmay_freezing_vapour_temple
Orc:2:    st_orc_mages, serial_shops, shop, shop_fountains, mines4_lemuel
Sewer:    sewer_kobolds

Skill      XL: |  1  2  3  4  5  6  7  8  9 10 11 |
---------------+----------------------------------+-----
Unarmed Combat | 1 2 4 5 6 8 10 11 12 | 12.0
Conjurations   | 1 2 3 4 5 6 8 9 10 | 10.0
Fighting       | 1 3 |  3.5
Evocations     | 1 |  1.7
Dodging        | |  1.5
Stealth        | |  1.0
Spellcasting   | |  2.0
Summonings     | |  0.6
Translocations | |  0.6

Action                   |  1- 3 |  4- 6 |  7- 9 | 10-12 || total
-------------------------+-------+-------+-------+-------++-------
Melee: Unarmed           |   134 |   158 |   313 |   428 ||  1033
       Punch             |       |     2 |     8 |    16 ||    26
 Cast: Magic Dart        |     3 |       |     7 |       ||    10
       Mephitic Cloud    |       |       |    12 |    38 ||    50
       Conjure Flame     |       |       |     1 |       ||     1
Invok: Curse Item        |       |       |     1 |       ||     1
Evoke: Wand              |       |       |       |     7 ||     7
  Use: Scroll            |       |     8 |     7 |     5 ||    20
       Potion            |       |     2 |     2 |     5 ||     9
 Stab: Sleeping          |     6 |     2 |       |       ||     8
       Confused          |       |       |     2 |     9 ||    11
       Paralysed         |       |       |       |     7 ||     7
  Eat: Chunk             |    17 |    11 |    35 |    35 ||    98
       Ration            |     1 |       |       |       ||     1
Armor: Robe              |    67 |    49 |    60 |    59 ||   235
       Skin              |       |     5 |     5 |    65 ||    75
Dodge: Dodged            |    75 |    91 |   136 |   172 ||   474

Table legend:
 A = Spawn XP
 B = Non-spawn XP
 C = Spawn XP percentage of total XP
 D = Spawn monster count
 E = Non-spawn monster count
 F = Spawn count percentage of total count
 G = Total turns spent on level
                    A         B        C        D         E        F      G
               +---------+---------+-------+---------+---------+-------+---------
         Total |       0 |   16960 |   0.0 |       0 |     322 |   0.0 |  9609
               +---------+---------+-------+---------+---------+-------+---------
           D:1 |       0 |      19 |   0.0 |       0 |      10 |   0.0 |   900
           D:2 |       0 |      75 |   0.0 |       0 |      29 |   0.0 |   763
           D:3 |       0 |     444 |   0.0 |       0 |      35 |   0.0 |   877
           D:4 |       0 |     997 |   0.0 |       0 |      18 |   0.0 |   855
           D:5 |       0 |     763 |   0.0 |       0 |      34 |   0.0 |  1203
           D:6 |       0 |     866 |   0.0 |       0 |      21 |   0.0 |   916
           D:7 |       0 |    1080 |   0.0 |       0 |      18 |   0.0 |   596
           D:8 |       0 |    3867 |   0.0 |       0 |      21 |   0.0 |   603
           D:9 |       0 |    1017 |   0.0 |       0 |      21 |   0.0 |   791
          D:10 |       0 |    3944 |   0.0 |       0 |      48 |   0.0 |   934
          D:11 |       0 |       3 |   0.0 |       0 |       1 |   0.0 |     3
         Orc:1 |       0 |    1135 |   0.0 |       0 |      19 |   0.0 |   434
         Orc:2 |       0 |    2632 |   0.0 |       0 |      37 |   0.0 |   449
         Sewer |       0 |     118 |   0.0 |       0 |      10 |   0.0 |   269
               +---------+---------+-------+---------+---------+-------+---------
